 Dungeon Crawl Stone Soup version 0.19-a0-1008-g4c63d25 (webtiles) character file.

25 mistymad the Skirmisher (level 3, 0/29 HPs)
             Began as a Formicid Abyssal Knight on July 22, 2016.
             Was a Follower of Lugonu.
             Succumbed to an adder's poison
             ... on level 2 of the Dungeon.
             The game lasted 00:01:26 (939 turns).

mistymad the Skirmisher (Formicid Abyssal Knight)    Turns: 939, Time: 00:01:28

Health: 0/29       AC:  3    Str: 19 (22) XL:     3   Next: 17%
Magic:  4/4        EV: 11    Int: 10 (11) God:    Lugonu [*.....]
Gold:   11         SH:  0    Dex:  7 (10) Spells: 0 memorised, 2 levels left

rFire  . . .     SeeInvis +     a - +1 falchion
rCold  . . .     Gourm    .     b - +0 leather armour
rNeg   . . .     Faith    .     (no shield)
rPois  .         Spirit   .     (helmet unavailable)
rElec  .         Dismiss  .     (no cloak)
rCorr  .         Reflect  .     (no gloves)
SustAt .         Harm     .     (no boots)
MR     .....                    (no amulet)
Stlth  +.........               (no ring)
                                (no ring)

@: mighty, lethally poisoned (0 -> -15), not resistant to hostile enchantments,
very unstealthy
A: permanent stasis, dig shafts and tunnels, four strong arms, antennae 3
a: Dig, Shaft Self, Depart the Abyss, Renounce Religion


You were on level 2 of the Dungeon.
You worshipped Lugonu.
Lugonu was aware of your devotion.
You were not hungry.

You visited 1 branch of the dungeon, and saw 2 of its levels.
You visited the Abyss 1 time.

You collected 11 gold pieces.

Inventory:

Hand Weapons
 a - a +1 falchion (weapon)
Armour
 b - a +0 leather armour (worn)
Scrolls
 e - a scroll of teleportation {unknown}
 f - a scroll of immolation {unknown}
 g - a scroll of enchant weapon {unknown}
 i - 2 scrolls of identify {unknown}
 l - a scroll of magic mapping {unknown}
 m - a scroll of amnesia {unknown}
Potions
 k - a potion of brilliance {unknown}
Comestibles
 c - 2 bread rations


   Skills:
 + Level 3.6 Fighting
 + Level 2.6 Long Blades
 + Level 2.6 Armour
 - Level 1.0 Dodging
 - Level 2.2 Invocations


You had 2 spell levels left.
You didn't know any spells.

Dungeon Overview and Level Annotations

Branches:
Dungeon (2/15)

Altars:


Innate Abilities, Weirdness & Mutations

You are under a permanent stasis effect.
You can dig through walls and to a lower floor.
Your four strong arms can wield two-handed weapons with a shield.
You have a pair of large antennae on your head. (SInv)


Message History

The adder closely misses you. The adder bites you but does no damage.
You take 2 damage, and have 6/29 hp.
It was a potion of cure mutation.
It has a very clean taste.
* * * LOW HITPOINT WARNING * * *
You feel sick. The bat barely misses you.
You riposte.
You slash the bat!
You kill the bat!
Lugonu accepts your kill. The adder closely misses you.
You riposte.
You slash the adder!
The adder is almost dead.
You take 1 damage, and have 5/29 hp.
You closely miss the adder.
The adder is almost dead.
* * * LOW HITPOINT WARNING * * *
You feel sick. The adder bites you.
* * * LOW HITPOINT WARNING * * *
You take 4 damage, and have 1/29 hp.
It was a potion of degeneration.
There was something very wrong with that liquid.
You feel weakened.
You feel dopey.
You feel clumsy.
You die...

...... ##.#####.#..
......###..........#
......?.....###..#.#
............#...##)## ..#
.....!....>...#.....#....
?............#..<.......#
................(...#.###
....##..............#..#
#.# #......#S@........# #
####.####.....###.. #.#
#.......# ## ..#
#.......... #.##
#.......... ..
##......... .##
##........ ####.....
.....


You could see an adder.

Vanquished Creatures
  A dart slug (D:1)
  A giant gecko (D:1)
  2 bats (D:2)
  A giant cockroach (D:1)
  5 hobgoblins
  3 jackals (D:2)
  2 giant newts (D:1)
  A goblin (D:1)
  4 kobolds
20 creatures vanquished.

Notes
Turn   | Place    | Note
-------+----------+-------------------------------------------
     0 | Abyss:1  | mistymad the Formicid Abyssal Knight began the quest for the Orb.
     0 | Abyss:1  | Reached XP level 1. HP: 18/18 MP: 2/2
    12 | D:1      | Escaped the Abyss
    18 | D:1      | Reached skill level 1 in Dodging
   231 | D:1      | Reached XP level 2. HP: 24/24 MP: 3/3
   495 | D:1      | Reached * piety under Lugonu
   678 | D:2      | Reached XP level 3. HP: 8/29 MP: 4/4
   938 | D:2      | HP: 1/29 [adder (2)]
   939 | D:2      | Succumbed to an adder's poison

Vault maps used:
D:1:      lemuel_arrival_room
D:2:      minmay_diamond_boxcup, lemuel_round_altar, uniq_natasha
Abyss:1:  hangedman_cross_veins, due_exit_kobolds, evilmike_abyss_exit_5

Skill      XL: |  1 |
---------------+----+-----
Dodging        | 1 |  1.0
Fighting       | |  3.6
Long Blades    | |  2.6
Armour         | |  2.6
Invocations    | |  2.2

Action                   || total
-------------------------++-------
Melee: Falchion          ||    97
Invok: Depart the Abyss  ||     1
  Use: Potion            ||     3
Armor: Leather armour    ||    34
Dodge: Dodged            ||    69
